 Dungeon Crawl Stone Soup version 0.30-a0-322-g102857c98e (webtiles) character file.

Game seed: 10446785823554269703

104 Pooter the Chopper (level 4, 0/41 HPs)
             Began as a Minotaur Fighter on Oct 27, 2022.
             Slain by an ogre
             ... wielding a +0 giant spiked club
              (27 damage)
             ... on level 3 of the Dungeon.
             The game lasted 00:09:06 (1500 turns).

Pooter the Chopper (Minotaur Fighter)               Turns: 1500, Time: 00:09:07

Health: 0/41       AC:  8    Str: 22    XL:     4   Next: 52%
Magic:  3/3        EV:  9    Int:  5    God:
Gold:   39         SH:  4    Dex: 10    Spells: 3/3 levels left

rFire   . . .      SeeInvis .    a - +0 war axe
rCold   . . .      Faith    .    c - +0 buckler
rNeg    . . .      Spirit   .    k - +0 scale mail
rPois   .          Reflect  .    (helmet restricted)
rElec   .          Harm     .    (no cloak)
rCorr   .          Rampage  .    (no gloves)
Will    .....                    j - +0 pair of boots
Stlth   ..........               f - amulet of regeneration
HPRegen 1.06/turn                (no ring)
MPRegen 0.08/turn                (no ring)

@: mighty
A: horns 2, retaliatory headbutt
a: no special abilities


You were on level 3 of the Dungeon.
You visited 1 branch of the dungeon, and saw 3 of its levels.

You collected 122 gold pieces.
You spent 83 gold pieces at shops.

Inventory:

Hand Weapons
 a - a +0 war axe (weapon)
 b - a +0 sling
   (You found it on level 2 of the Dungeon)
Missiles
 Q - 26 stones (quivered)
Armour
 c - a +0 buckler (worn)
 j - a +0 pair of boots (worn)
   (You found it on level 2 of the Dungeon)
 k - a +0 scale mail (worn)
Jewellery
 f - an amulet of regeneration (around neck)
   (You found it on level 1 of the Dungeon)
Scrolls
 g - a scroll of enchant armour
 l - a scroll of poison {!r}
 t - a scroll of teleportation {@r4}
Potions
 e - 2 potions of lignification {!q}
 h - 2 potions of brilliance
 i - a potion of curing {unknown}
 m - 3 potions of heal wounds {@q2}
 n - 2 potions of flight {unknown}


   Skills:
 + Level 4.5 Fighting
 * Level 4.6 Axes
 * Level 1.2 Ranged Weapons
 - Level 3.6 Armour
 + Level 3.9 Shields


You had 3 spell levels left.
You didn't know any spells.
Your spell library was empty.

Dungeon Overview and Level Annotations

Branches:
Dungeon (3/15)

Altars:

Shops:
D:1 :   D:2 ![*(


Innate Abilities, Weirdness & Mutations

You have a pair of horns on your head.
You reflexively headbutt those who attack you in melee.


Message History

The quokka bites you but does no damage.
You closely miss the quokka. Your headbutt misses the quokka.
The quokka closely misses you.
You completely miss the quokka. The quokka bites you.
The quokka closely misses you.
You hit the quokka. The quokka barely misses you.
You block the quokka's attack.
You hit the quokka. Your headbutt misses the quokka. The quokka bites you.
You barely miss the quokka.
The quokka bites you but does no damage.
The quokka closely misses you.
You hit the quokka but do no damage. You headbutt the quokka.
The quokka bites you.
You barely miss the quokka. The quokka closely misses you.
The quokka bites you but does no damage.
You closely miss the quokka. You headbutt the quokka.
You kill the quokka!
Found a potion of brilliance.
h - 2 potions of brilliance (gained 1)
b - a +0 sling (weapon)
You enter the shallow water.
Moving in this stuff is going to be slow.
You enter the shallow water.
Moving in this stuff is going to be slow.
You enter the shallow water.
Moving in this stuff is going to be slow.
An ogre comes into view. It is wielding a +0 giant spiked club.
The ogre shouts!
You aren't carrying any items that you can evoke.
You shoot a sling bullet.
The sling bullet hits the ogre but does no damage.
You shoot a sling bullet. The sling bullet hits the ogre.
You shoot a sling bullet. The sling bullet hits the ogre.
An endoplasm comes into view.
a - a +0 war axe (weapon)
A kobold comes into view.
It is wielding a +0 dagger and quivering poisoned darts.
Sorry, you're not good enough to have a special ability.
Sorry, you're not good enough to have a special ability.
b - a +0 sling (weapon)
The kobold shouts!
a - a +0 war axe (weapon)
The ogre hits you with a +0 giant spiked club.
Sorry, you're not good enough to have a special ability.
You feel very mighty all of a sudden.
You slash the ogre!
The ogre hits you with a +0 giant spiked club!
You closely miss the ogre. You headbutt the ogre!
The ogre hits you with a +0 giant spiked club!!
Ouch! That really hurt!
You die...

...... ......
......###### .K.......#
........# #####J.....#
......O....#
.......@...###P
......#........ .....
#........ .... #.......#
≈# ### #.......# ≈## #
#.......# ≈≈# #.#
#........ ≈≈# #..#
#........
≈≈######.#######........


You could see an ogre, an endoplasm and a kobold.

Vanquished Creatures
  4 adders (D:2)
  2 worms (D:2)
  4 dart slugs
  A ball python (D:2)
  3 endoplasms
  3 giant cockroaches
  3 goblins
  6 hobgoblins
  6 quokkas
  7 bats
  6 kobolds
  9 rats
54 creatures vanquished.

Notes
Turn   | Place    | Note
-------+----------+-------------------------------------------
     0 | D:1      | Pooter the Minotaur Fighter began the quest for the Orb.
     0 | D:1      | Reached XP level 1. HP: 19/19 MP: 0/0
   121 | D:1      | Reached XP level 2. HP: 27/27 MP: 1/1
   185 | D:1      | Found Terch's Book Shop.
   408 | D:1      | Reached XP level 3. HP: 33/33 MP: 2/2
   506 | D:1      | Upgraded the game from 0.30-a0-313-gae38170b09 to
                  | 0.30-a0-322-g102857c98e
   534 | D:2      | Found Qaihil's Antique Weapon Shop.
   582 | D:2      | Found Myschu Ofed's General Store.
   589 | D:2      | Found Miawiem's Antique Armour Emporium.
   601 | D:2      | Bought a scroll of identify for 28 gold pieces
   827 | D:2      | Reached XP level 4. HP: 41/41 MP: 3/3
   829 | D:2      | Found Bicvelao's Distillery.
   853 | D:2      | Reached skill level 1 in Ranged Weapons
   927 | D:2      | Bought a potion of heal wounds for 55 gold pieces
  1491 | D:3      | Noticed an ogre
  1500 | D:3      | Slain by an ogre

Illustrated notes

Levels and vault maps discovered:
D:1:      dpeg_arrival_ratfight, layout_rooms, serial_shops,
          nicolae_lakefront_shop
D:2:      minmay_evil_eye, layout_loops_corners, serial_shops,
          nicolae_shop_advertising_works [nicolae_subvault_shop_adworks],
          nicolae_shop_waterfront, nicolae_shop_window_shopping, shop
D:3:      layout_basic, grunt_temple_overflow_growth_and_decay,
          chequers_temple_overflow_minitemple, gammafunk_ghost_stat_death,
          chequers_serial_rivers_large_a, dreamdust_princess_corridor

Skill      XL: |  1  2  3  4 |
---------------+-------------+-----
Axes           | 3 4 |  4.6
Fighting       | 4 |  4.5
Ranged Weapons | 1 |  1.2
Armour         | |  3.6
Shields        | |  3.9

Action                   |  1- 3 |  4- 6 || total
-------------------------+-------+-------++-------
Melee: War axe           |    75 |    28 ||   103
       Headbutt          |     7 |     8 ||    15
 Fire: Sling             |     9 |    35 ||    44
  Use: Scroll            |     4 |     1 ||     5
       Potion            |       |     1 ||     1
Armor: Scale mail        |    28 |    20 ||    48
Dodge: Dodged            |    34 |    18 ||    52
Block: Buckler           |    18 |     8 ||    26

Table legend: (Time is in decaauts)
 A = Elapsed time spent in this place.
 B = Non-inter-level travel time spent in this place.
 C = Inter-level travel time spent in this place.
 D = Time resting spent in this place.
 E = Time spent auto-exploring this place.
 F = Levels seen in this place.
 G = Mean time per level.
                   A        B        C        D        E       F      G
               +--------+--------+--------+--------+--------+-----+--------+
         Total |   1551 |   1535 |     16 |      0 |   1112 |   3 |  517.0 |
       Dungeon |   1551 |   1535 |     16 |      0 |   1112 |   3 |  517.0 |
               +--------+--------+--------+--------+--------+-----+--------+

Top non-repeatable levels by time:
     D:2: 916 daAuts
     D:1: 531 daAuts
     D:3: 104 daAuts
